AoeStats
← 啊超

African Clearing

504052455Analyzed
3v3 RM · 29d ago on Sep 3, 2026· 55m 24s· 6 players
Game mode
Random Map
Map size
Normal (6 player)
Population
200
Speed
Normal
Resources
Standard
Victory
Conquest
Starting age
Dark Age
Ending age
Imperial Age
RankedLock teamsTeams togetherTeam positionsShared explorationLock speedFull tech treeHidden civsTurbo modeCheats
Victory
Defeat
🇳🇱 Georgians · Netherlands
1177
+13
🇪🇸 Franks · Spain
1022
+20
🇧🇾 Huns · Belarus
1001
+21
🇨🇿 Magyars · Czechia
1115
-18
🇨🇳 Burgundians · China
1108
-18
🇦🇷 Vietnamese · Argentina
1101
-18
啊超
4:19 Loom
15:19 Feudal Age
20:51 Castle Age
19:22 Double-Bit Axe
19:50 Horse Collar
24:05 Husbandry
25:40 Cavalier
29:58 Forging
29:55 Scale Barding Armor
40:23 Imperial Age
37:30 Elite Skirmisher
38:43 Gold Mining
40:23 Gold Shaft Mining
40:27 Iron Casting
41:22 Chain Barding Armor
41:46 Wheelbarrow
41:54 Burgundian Vineyards
41:37 Paladin
42:53 Stone Mining
43:42 Heavy Plow
43:54 Bow Saw
44:00 Arson
44:20 Squires
43:42 Pikeman
45:24 Blast Furnace
47:13 Halberdier
47:57 Scale Mail Armor
48:32 Plate Barding Armor
50:02 Chain Mail Armor
54:58 Conscription
56:46 Chemistry
moregadženo
10:30 Loom
12:58 Feudal Age
14:20 Double-Bit Axe
19:43 Castle Age
18:33 Gold Mining
21:51 Bow Saw
26:26 Fletching
27:36 Horse Collar
29:47 Husbandry
30:50 Wheelbarrow
31:30 Ballistics
31:46 Heavy Plow
32:21 Bodkin Arrow
33:16 Bloodlines
33:17 Town Watch
33:43 Stone Mining
35:07 Hand Cart
38:50 Imperial Age
35:51 Pikeman
37:16 Scale Barding Armor
39:03 Town Patrol
40:22 Scale Mail Armor
40:45 Conscription
41:21 Chain Mail Armor
42:20 Recurve Bow
44:01 Two-Man Saw
43:40 Bracer
43:40 Padded Archer Armor
44:44 Chemistry
43:07 Heavy Cavalry Archer
44:12 Parthian Tactics
44:14 Halberdier
45:12 Arson
48:37 Corvinian Army
49:53 Masonry
SIKUS | diavolomagro
9:22 Loom
12:27 Feudal Age
13:09 Double-Bit Axe
21:19 Castle Age
20:16 Horse Collar
28:04 Town Watch
32:29 Scale Mail Armor
39:08 Chain Mail Armor
41:56 Wheelbarrow
42:44 Forging
45:35 Imperial Age
45:34 Forging
47:18 Bow Saw
50:49 Imperial Age
48:09 Arson
49:34 Gold Mining
50:37 Squires
Age of Booming
11:06 Loom
13:00 Feudal Age
19:24 Castle Age
19:04 Bloodlines
20:03 Scale Barding Armor
28:39 Horse Collar
30:12 Pikeman
33:32 Chain Barding Armor
35:16 Double-Bit Axe
36:17 Wheelbarrow
36:27 Forging
38:01 Scale Mail Armor
41:25 Imperial Age
40:16 Hand Cart
42:53 Iron Casting
43:01 Husbandry
43:55 Plate Barding Armor
43:21 Elite Monaspa
45:19 Conscription
47:18 Blast Furnace
47:48 Chain Mail Armor
49:02 Aznauri Cavalry
52:36 Plate Mail Armor
51:30 Halberdier
53:32 Squires
Reimalo_2
4:55 Loom
13:35 Feudal Age
18:38 Castle Age
17:16 Double-Bit Axe
27:35 Fletching
27:45 Town Watch
31:28 Forging
31:55 Scale Barding Armor
32:50 Husbandry
33:55 Iron Casting
33:41 Chain Barding Armor
39:02 Imperial Age
36:52 Gold Mining
39:31 Wheelbarrow
40:05 Conscription
39:35 Cavalier
41:31 Blast Furnace
41:44 Plate Barding Armor
41:50 Gold Shaft Mining
41:26 Paladin
43:31 Chivalry
49:32 Hand Cart
Ezer
4:51 Loom
16:56 Feudal Age
23:18 Castle Age
21:07 Double-Bit Axe
21:35 Horse Collar
22:05 Gold Mining
22:09 Stone Mining
26:31 Padded Archer Armor
26:22 Fletching
32:00 Leather Archer Armor
34:05 Ballistics
35:08 Bodkin Arrow
36:12 Wheelbarrow
36:41 Pikeman
41:49 Squires
42:03 Scale Mail Armor
45:00 Forging
45:12 Chain Mail Armor
47:32 Hand Cart
50:41 Town Watch
53:08 Heavy Plow
Connection lost

Rejoining the realm…

Still unreachable

The connection could not be restored.

Session expired

The server has moved on; the page needs a fresh start.